 Dungeon Crawl Stone Soup version 0.30-a0-802-gb92711bcdf (webtiles) character file.

Game seed: 7688647174470225385

1217 jasper the Chopper (level 8, -7/64 HPs)
             Began as a Demonspawn Cinder Acolyte on Feb 25, 2023.
             Was a Believer of Ignis.
             Mangled by a two-headed ogre
             ... wielding a +0 giant club
              (25 damage)
             ... on level 6 of the Dungeon.
             The game lasted 00:18:20 (4947 turns).

jasper the Chopper (Demonspawn Cinder Acolyte)      Turns: 4947, Time: 00:18:21

Health: -7/64      AC: 14    Str: 20    XL:     8   Next: 22%
Magic:  9/9        EV:  5    Int: 19    God:    Ignis [**....]
Gold:   209        SH:  4    Dex:  8    Spells: 9/9 levels left

rFire   + . .      SeeInvis .    a - +0 hand axe (flame)
rCold   . . .      Faith    .    (no shield)
rNeg    . . .      Spirit   .    B - +0 plate armour
rPois   .          Reflect  .    k - +2 helmet {Int+3}
rElec   .          Harm     .    x - scarf {repulsion}
rCorr   .          Rampage  .    d - +0 pair of gloves of Muttered Phrases {Regen+ Str+3}
Will    .....                    (no boots) Stlth
                                 (no amulet)
HPRegen 1.10/turn                (no ring)
MPRegen 0.22/turn                (no ring)

@: repel missiles
A: large bone plates 1, powered by death 2, magic regeneration, weakness stinger
2
a: Renounce Religion, Fiery Armour, Foxfire Swarm, Rising Flame


You were on level 6 of the Dungeon.
You worshipped Ignis.
Ignis was pleased with you.
You visited 1 branch of the dungeon, and saw 6 of its levels.
You also visited: Sewer.

You collected 341 gold pieces.
You spent 132 gold pieces at shops.

Inventory:

Hand Weapons
 a - a +0 hand axe of flaming (weapon)
 g - a +1 antimagic spear
 l - the +8 frozen axe "Frostbite" {freeze, freezing cloud, *Noise Fly rC+}
   (You acquired it on level 5 of the Dungeon)

   rC:        It protects you from cold.
   Fly:       It grants you flight.
   *Noise:    It may make noises in combat.
 n - a +0 lajatang
Missiles
 s - 17 stones (quivered)
 E - 5 javelins
 F - 4 boomerangs
Armour
 b - a +0 robe
 c - a +0 ring mail
 d - the +0 pair of gloves of Muttered Phrases (worn) {Regen+ Str+3}
   (You acquired it on level 5 of the Dungeon)

   Str:       It affects your strength (+3).
   Regen:     It increases your rate of health regeneration.
 k - a +2 helmet of intelligence (worn)
 t - a scarf of harm
 w - a +0 scale mail
 x - a scarf of repulsion (worn)
 B - a +0 plate armour (worn)
Wands
 e - a wand of flame (11)
 o - a wand of polymorph (4)
 p - a wand of light (7)
 D - a wand of iceblast (17)
 G - a wand of digging (5)
Scrolls
 h - 5 scrolls of magic mapping
 q - 2 scrolls of vulnerability
 r - 2 scrolls of teleportation
 u - a scroll of enchant weapon
Potions
 f - a potion of haste
 i - a potion of lignification
 j - 2 potions of cancellation {unknown}
 m - 2 potions of heal wounds {unknown}
 A - a potion of mutation {unknown}


   Skills:
 - Level 6.1 Fighting
 * Level 7.9 Axes
 + Level 1.3 Armour
 - Level 1.0 Spellcasting
 - Level 2.6 Fire Magic


You had 9 spell levels left.
You didn't know any spells.
Your spell library contained the following spells:

 Spells                   Type           Power      Damage    Failure   Level
 Scorch                   Fire           22%        2d6       97%         2
 Magic Dart               Conj           0%         1d3       99%         1
 Shock                    Conj/Air       0%         1d3       99%         1
 Summon Small Mammal      Summ           0%         N/A       99%         1
 Searing Ray              Conj           0%         2d4       100%        2
 Sublimation of Blood     Necr           0%         N/A       100%        2
 Call Canine Familiar     Summ           0%         N/A       100%        3
 Dazzling Flash           Conj/Hex       0%         N/A       100%        3
 Summon Guardian Golem    Hex/Summ       0%         N/A       100%        3
 Swiftness                Air            0%         N/A       100%        3
 Airstrike                Air            0%         2d(0-16)  100%        4
 Fulminant Prism          Conj/Hex       0%         3d5       100%        4
 Iskenderun's Mystic Bla  Conj/Tloc      0%         2d3       100%        4
 Petrify                  Tmut/Erth      0%         N/A       100%        4
 Irradiate                Conj/Tmut      0%         3d11      100%        5
 Starburst                Conj/Fire      3%         6d3       100%        6
 Malign Gateway           Summ/Tloc      0%         N/A       100%        7
 Borgnjor's Revivificati  Necr           0%         N/A       100%        8
 Necromutation            Tmut/Necr      0%         N/A       100%        8
 Summon Horrible Things   Summ           0%         N/A       100%        8
 Death's Door             Necr           0%         N/A       100%        9


Dungeon Overview and Level Annotations

Branches:
Dungeon (6/15)              Sewer (visited)
 Temple: D:4-7

Altars:
Cheibriados
Dithmenos
Fedhas
Gozag
Kikubaaqudgha
Okawaru
Qazlal
Ru
Trog
Wu Jian
Yredelemnul

Shops:
D:4 *


Innate Abilities, Weirdness & Mutations

You are partially covered in large bone plates. (SH +4)
You regenerate health from kills.
You regenerate magic rapidly.
You have a tail ending in a sharp stinger.


Message History

The two-headed ogre hits you with a +0 giant spiked club!!
You take 39 damage, and have 25/64 hp.
MASSIVE DAMAGE!!
You hit the two-headed ogre but do no damage.
You tail-slap the two-headed ogre.
The two-headed ogre is heavily wounded.
The foxfire hits the two-headed ogre.
The two-headed ogre is severely wounded.
The foxfire hits the two-headed ogre.
The two-headed ogre is severely wounded.
The foxfire hits the two-headed ogre but does no damage.
The two-headed ogre is severely wounded.
The foxfire hits the two-headed ogre but does no damage.
The two-headed ogre is severely wounded.
The foxfire hits the two-headed ogre.
The two-headed ogre is severely wounded.
The foxfire hits the two-headed ogre but does no damage.
The two-headed ogre is severely wounded.
The foxfire hits the two-headed ogre but does no damage.
The two-headed ogre is severely wounded.
The foxfire hits the two-headed ogre but does no damage.
The two-headed ogre is severely wounded.
You block the two-headed ogre's attack.
The two-headed ogre hits you with a +0 giant spiked club!
* * * LOW HITPOINT WARNING * * *
You take 10 damage, and have 15/64 hp.
Okay, then.
Aiming: Iceblast
Press: ? - help, Shift-Dir - straight line
Okay, then.
Aiming: Iceblast
Press: ? - help, Shift-Dir - straight line, f - two-headed ogre
Aim: a two-headed ogre, wielding a +0 giant club and a +0 giant spiked club (severely wounded)
The mass of ice explodes!
The iceblast engulfs the two-headed ogre!
The two-headed ogre is almost dead.
You regained 2 hp, and now have 18/64 hp.
The two-headed ogre attacks as you move away!
You block the two-headed ogre's attack.
The two-headed ogre hits you with a +0 giant spiked club!!
You die...

########..## ##.# #.# ..#
#.#.###.## #.# #.# #.##...##
#.### #.# ##+###### #...# #.#
##...## ###.# #.# ##..<..##
####.# #.###.......##
##.##.####
..##.........####........#
...+.........'.<@O.#####.......
####.........####..# .#####. #
##.......## ##.# .# ##.....##
#.# .# ##...## #.# .# # ##'##
#.. .# # #.# #.# ## ########.#
#......#.##


You could see a two-headed ogre.

Vanquished Creatures
  Grinder (D:3)
  Pargi (Sewer)
  2 ogres
  A phantom (D:5)
  A scorpion (D:5)
  4 hounds
  2 orc priests (D:5)
  Ijyb (D:3)
  Natasha (twice) (D:3)
  5 orc wizards
  2 iguanas (D:5)
  7 adders
  3 gnolls (D:6)
  A shadow imp (D:4)
  A white imp (D:4)
  An ufetubus (D:6)
  4 worms
  3 dart slugs
  8 orcs
  7 ball pythons
  4 bats
  6 endoplasms
  3 giant cockroaches
  9 goblins
  10 hobgoblins
  2 jackals (D:3)
  3 quokkas
  3 frilled lizards
  4 kobolds
  5 rats
106 creatures vanquished.

Vanquished Creatures (others)
  64 foxfires
  7 plants (D:3)
71 creatures vanquished.

Grand Total: 177 creatures vanquished

Notes
Turn   | Place    | Note
-------+----------+-------------------------------------------
     0 | D:1      | jasper the Demonspawn Cinder Acolyte began the quest for
                  | the Orb.
     0 | D:1      | Reached XP level 1. HP: 18/18 MP: 2/2
   234 | D:1      | Reached skill level 3 in Axes
   320 | D:1      | Gained mutation: You have a small tail. [demonic ancestry]
   320 | D:1      | Reached XP level 2. HP: 24/24 MP: 3/3
   755 | D:2      | Gained mutation: You regenerate a little health from kills.
                  | [demonic ancestry]
   755 | D:2      | Reached XP level 3. HP: 29/29 MP: 4/4
   824 | D:2      | Found a blossoming altar of Fedhas.
  1430 | D:3      | Reached skill level 4 in Axes
  1440 | D:3      | Gained mutation: You regenerate health from kills. [demonic
                  | ancestry]
  1440 | D:3      | Reached XP level 4. HP: 37/37 MP: 5/5
  1473 | D:3      | Noticed Natasha
  1477 | D:3      | Killed Natasha
  1483 | D:3      | Found a bloodstained altar of Trog.
  1610 | D:3      | Found a sacrificial altar of Ru.
  1661 | D:3      | Noticed Grinder
  1678 | D:3      | Killed Grinder
  1679 | D:3      | Reached skill level 5 in Axes
  1679 | D:3      | Reached XP level 5. HP: 20/43 MP: 6/6
  1679 | D:3      | Gained mutation: You have a tail ending in a sharp stinger.
                  | [demonic ancestry]
  1679 | D:3      | Reached XP level 6. HP: 22/49 MP: 7/7
  1762 | D:3      | Noticed Natasha
  1770 | D:3      | Killed Natasha
  1880 | D:3      | Noticed Ijyb
  1890 | D:3      | Killed Ijyb
  2271 | D:4      | Found a glowing drain.
  2300 | Sewer    | Entered a sewer
  2450 | Sewer    | Noticed Pargi
  2462 | Sewer    | Killed Pargi
  2463 | Sewer    | Reached skill level 5 in Fighting
  2463 | Sewer    | Reached skill level 6 in Axes
  2652 | D:4      | Gained mutation: You are partially covered in large bone
                  | plates. (SH +4) [demonic ancestry]
  2652 | D:4      | Reached XP level 7. HP: 21/56 MP: 8/8
  2772 | D:4      | Found Hydezxul's Neck Hole.
  2789 | D:4      | Bought a scarf of repulsion for 132 gold pieces
  3163 | D:4      | Found a snail-covered altar of Cheibriados.
  3796 | D:5      | Entered Level 5 of the Dungeon
  3853 | D:5      | Reached skill level 7 in Axes
  3960 | D:5      | Gained mutation: You regenerate magic rapidly. [demonic
                  | ancestry]
  3960 | D:5      | Reached XP level 8. HP: 12/64 MP: 9/9
  4155 | D:5      | Found an iron altar of Okawaru.
  4318 | D:5      | Found an opulent altar of Gozag.
  4318 | D:5      | Found a basalt altar of Yredelemnul.
  4321 | D:5      | Found a shadowy altar of Dithmenos.
  4348 | D:5      | Found an ornate altar of the Wu Jian Council.
  4348 | D:5      | Found a stormy altar of Qazlal.
  4349 | D:5      | Found an ancient bone altar of Kikubaaqudgha.
  4573 | D:5      | Identified 2 scrolls of acquirement
  4573 | D:5      | Acquired the +0 pair of gloves of Muttered Phrases {Regen+
                  | Str+3}
  4580 | D:5      | Acquired the +8 frozen axe "Frostbite" {freeze, freezing
                  | cloud, *Noise Fly rC+}
  4580 | D:5      | Found the +8 frozen axe "Frostbite" {freeze, freezing
                  | cloud, *Noise Fly rC+}
  4681 | D:6      | Reached skill level 1 in Armour
  4934 | D:6      | Noticed a two-headed ogre
  4947 | D:6      | Mangled by a two-headed ogre

Illustrated notes

Levels and vault maps discovered:
D:1:      amcnicky_arrival_feature_with_door, layout_rooms, serial_glass,
          glass_columns_c, glass_columns_b
D:2:      layout_rooms, basic_altar
D:3:      layout_basic, pf_just_have_faith, mainiacjoe_overflow_boulevard,
          nicolae_ru_great_annihilating_truth, serial_forest,
          infiniplex_forest_clump_tiny, infiniplex_forest_zigzag_2,
          infiniplex_forest_lined_room_2, infiniplex_forest_pool,
          infiniplex_forest_lined_3_way, infiniplex_forest_lined_corner,
          infiniplex_forest_straight_5, infiniplex_forest_straight_3, uniq_ijyb,
          uniq_grinder, uniq_natasha
D:4:      layout_cave_pods, cheibrodos_worm_habitat,
          cheibrodos_sewer_entry_bend, serial_co_window_serial,
          co_window_corner_a, co_window_paths_b, co_window_paths_a,
          co_window_paths_a, co_window_paths_a, co_window_of_opportunity_a,
          co_window_corner_b, co_window_2corner, co_window_corner_b,
          co_window_paths_d, co_window_4corner_a, glass_columns_b,
          glass_columns_a, glass_columns_a, hangedman_abyss_or_decor_stagger,
          nicolae_shop_sticking_my_neck_out
D:5:      layout_rooms, okawaru_gym_becter, grunt_temple_overflow_open
D:6:      layout_loops_corners, minmay_temple_entry_fiery

Skill      XL: |  1  2  3  4  5  6  7  8 |
---------------+-------------------------+-----
Axes           | 3 4 5 6 7 |  7.9
Fighting       | 4 5 6 |  6.1
Armour         | 1 |  1.3
Spellcasting   | |  1.0
Fire Magic     | |  2.6

Action                     |  1- 3 |  4- 6 |  7- 9 || total
---------------------------+-------+-------+-------++-------
  Melee: Hand axe          |   111 |    73 |   180 ||   364
         Tailslap          |    11 |     6 |    29 ||    46
         Punch             |     1 |     1 |     2 ||     4
         Unarmed           |       |     9 |       ||     9
  Throw: Stone             |    32 |       |       ||    32
 Invoke: Fiery Armour      |     1 |       |       ||     1
         Foxfire Swarm     |     1 |     2 |     3 ||     6
  Evoke: Wand              |     2 |    10 |     5 ||    17
    Use: Scroll            |     7 |       |     8 ||    15
         Potion            |       |       |     1 ||     1
 Armour: Ring mail         |    43 |    24 |       ||    67
         Robe              |     3 |       |       ||     3
         Scale mail        |       |     7 |       ||     7
         Skin              |       |     2 |     2 ||     4
         Plate armour      |       |       |   109 ||   109
  Dodge: Dodged            |    41 |    42 |    43 ||   126
  Block: Other             |       |       |    24 ||    24

Table legend: (Time is in decaauts)
 A = Elapsed time spent in this place.
 B = Non-inter-level travel time spent in this place.
 C = Inter-level travel time spent in this place.
 D = Time resting spent in this place.
 E = Time spent auto-exploring this place.
 F = Levels seen in this place.
 G = Mean time per level.
                   A        B        C        D        E       F      G
               +--------+--------+--------+--------+--------+-----+--------+
         Total |   4981 |   4795 |    186 |    207 |   3444 |   7 |  711.6 |
       Dungeon |   4811 |   4625 |    186 |    207 |   3353 |   6 |  801.8 |
         Sewer |    169 |    169 |      0 |      0 |     90 |   1 |  169.0 |
               +--------+--------+--------+--------+--------+-----+--------+

Top non-repeatable levels by time:
     D:4: 1450 daAuts
     D:3: 932 daAuts
     D:5: 829 daAuts
     D:1: 703 daAuts
     D:2: 582 daAuts
     D:6: 313 daAuts
   Sewer: 169 daAuts
